Map: Blackpink LE

Players

Optimus - Winner!

  • Race: Terran Terran
  • Spawn Location: 7:00

Light

  • Race: Protoss Protoss
  • Spawn Location: 1:00

Event: WCS Leipzig 2018

VOD

Have the link to the VOD?

Description

Time

  • Played on: Jan. 26, 2018, 6:26 a.m.
  • Length: 7:54

All games in this series

Show
View Real Time Build Order
Export as new Build Order

Optimus Terran - Winner!

Build Orders: Liberator Opening, MMM Bio 

Get SALT Encoding   

  12  0:00  SCV  
  13  0:12  SCV  
  14  0:17  Supply Depot  
  14  0:24  SCV  
  15  0:30  Refinery  
  15  0:39  SCV  
  16  0:44  Barracks  
  16  0:51  SCV  
  17  1:03  SCV  
  18  1:15  SCV  
  20  1:32  Orbital Command, Reaper  
  20  1:51  Command Center  
  20  1:58  SCV, Factory  
  21  2:07  Barracks Reactor  
  21  2:10  SCV  
  21  2:14  Supply Depot  
  22  2:16  Refinery  
  22  2:22  SCV  
  23  2:35  SCV  
  24  2:43  Starport  
  23  2:44  Marine x2  
  23  2:50  Widow Mine  
  23  2:51  SCV  
  28  3:02  Marine x2  
  28  3:03  SCV, Orbital Command  
  31  3:12  Widow Mine  
  33  3:15  SCV  
  34  3:20  Medivac, Marine x2  
  34  3:26  Supply Depot  
  38  3:27  SCV  
  38  3:31  SCV  
  38  3:33  Widow Mine  
  42  3:36  Liberator  
  42  3:37  Marine  
  42  3:38  Marine  
  42  3:39  SCV  
  45  3:45  Supply Depot  
  45  3:49  SCV  
  45  3:53  SCV  
  50  3:58  Factory Tech Lab  
  50  4:01  SCV  
  51  4:04  Barracks Tech Lab  
  51  4:07  Barracks  
  51  4:08  Barracks  
  51  4:10  SCV  
  51  4:13  SCV  
  53  4:19  Supply Depot  
  53  4:21  Siege Tank  
  53  4:23  Marine  
  57  4:26  SCV  
  57  4:27  SCV  
  59  4:34  Refinery x2  
  59  4:36  Engineering Bay  
  59  4:38  SCV  
  60  4:41  Stimpack  
  60  4:43  SCV  
  61  4:47  Starport Reactor  
  61  4:48  Marine  
  61  4:50  SCV  
  63  4:55  SCV  
  64  5:02  SCV  
  64  5:03  Terran Infantry Weapons Level 1  
  64  5:04  Marine x2  
  67  5:08  SCV, Marauder  
  70  5:19  Missile Turret  
  70  5:20  Supply Depot  
  70  5:27  SCV x2, Marine x2, Marauder  
  70  5:30  Supply Depot  
  70  5:33  Medivac x2  
  70  5:35  Factory Reactor  
  74  5:38  Combat Shields  
  76  5:49  Barracks  
  74  5:50  Barracks  
  74  5:51  Marine x2  
  74  5:54  SCV x2  
  78  6:04  Marauder x2  
  82  6:10  Medivac x2  
  84  6:12  Marine x2  
  84  6:16  Widow Mine  
  89  6:18  Widow Mine  
  89  6:24  Liberator  
  88  6:26  Marauder x2  
  88  6:29  Supply Depot  
  88  6:30  Supply Depot, Liberator  
  92  6:33  Marine x2  
  92  6:37  Widow Mine  
  97  6:40  Widow Mine  
  100  6:49  Concussive Shells  
  100  6:54  Marauder x2  
  100  6:56  Barracks Reactor  
  100  6:59  Barracks Tech Lab  
  102  7:05  Marine x2  
  106  7:15  Marauder  
  103  7:23  Marauder x2  
  103  7:29  Marine x2  
Show
View Real Time Build Order
Export as new Build Order

Light Protoss 

Build Orders: 1 Gate Expand, Blink Stalkers, Colossus Rush 

Get SALT Encoding   

  12  0:00  Probe  
  13  0:12  Probe  
  14  0:17  Pylon  
  14  0:24  Probe (Chrono Boost)  
  15  0:37  Probe (Chrono Boost), Gateway  
  16  0:44  Probe (Chrono Boost)  
  16  0:46  Assimilator  
  17  0:51  Probe  
  18  1:03  Probe  
  19  1:16  Probe  
  20  1:26  Nexus  
  20  1:29  Probe  
  21  1:41  Cybernetics Core  
  21  1:44  Probe  
  22  1:53  Pylon  
  22  1:56  Assimilator  
  22  1:59  Probe (Chrono Boost)  
  23  2:11  Probe (Chrono Boost)  
  23  2:14  Stalker (Chrono Boost)  
  24  2:18  Warp Gate  
  24  2:20  Probe (Chrono Boost)  
  27  2:26  Probe  
  28  2:32  Robotics Facility  
  28  2:43  Probe (Chrono Boost)  
  30  2:47  Probe (Chrono Boost)  
  30  2:54  Probe (Chrono Boost)  
  30  2:55  Stalker  
  30  2:58  Probe (Chrono Boost)  
  34  2:59  Probe (Chrono Boost)  
  35  3:07  Probe  
  35  3:09  Probe  
  35  3:10  Pylon  
  37  3:19  Probe, Twilight Council  
  39  3:20  Observer  
  39  3:21  Probe  
  39  3:25  Stalker  
  42  3:31  Probe  
  42  3:34  Probe  
  44  3:41  Pylon  
  44  3:43  Observer, Probe  
  44  3:46  Probe  
  47  3:49  Blink (Chrono Boost)  
  47  3:54  Gateway  
  47  3:55  Probe  
  47  3:58  Probe  
  47  3:59  Gateway  
  49  4:06  Assimilator  
  49  4:08  Probe, Observer  
  51  4:11  Probe  
  51  4:13  Assimilator  
  52  4:20  Probe, Pylon  
  52  4:23  Probe, Stalker  
  56  4:32  Probe, Pylon  
  56  4:36  Probe  
  58  4:44  Probe  
  59  4:50  Robotics Bay  
  59  4:51  Nexus  
  59  4:53  Stalker  
  59  4:58  Stalker  
  63  5:01  Stalker  
  65  5:10  Pylon  
  65  5:11  Pylon  
  65  5:20  Stalker  
  64  5:22  Stalker  
  65  5:31  Stalker  
  68  5:42  Colossus (Chrono Boost)  
  73  5:50  Probe x2  
  73  5:56  Extended Thermal Lance (Chrono Boost)  
  75  5:57  Pylon  
  75  6:01  Gateway  
  75  6:22  Colossus (Chrono Boost)  
  81  6:27  Stalker  
  81  6:28  Probe x2  
  81  6:29  Probe  
  81  6:32  Gateway  
  84  6:34  Gateway  
  84  6:38  Stalker  
  86  6:40  Probe  
  86  6:49  Stalker  
  86  6:50  Stalker  
  87  6:57  Probe x2  
  89  7:02  Stalker  
  91  7:22  Stalker  
  94  7:23  Probe  
  94  7:24  Probe x2  
  94  7:26  Assimilator  
  94  7:29  Zealot x3  
  101  7:40  Pylon  
  101  7:41  Pylon  
  101  7:43  Pylon  
  89  7:51  Zealot  
  89  7:52  Zealot x3  
Tags
 
Add a new tag
Caveats
  • Supply blocks, unpowered buildings, or Contaminate may cause inaccurate times.
  • Supply counts are checked every 10 seconds.